 Dungeon Crawl Stone Soup version 0.29.1-12-g30fa7ad0bf (webtiles) character file.

Game seed: 4651896862857116602

4 wrenrar the Caller (level 1, 0/14 HPs)
             Began as a Hill Orc Summoner on Jan 9, 2023.
             Slain by a jackal (1 damage)
             ... on level 1 of the Dungeon.
             The game lasted 00:01:05 (158 turns).

wrenrar the Caller (Hill Orc Summoner)               Turns: 158, Time: 00:01:05

Health: 0/14       AC:  2    Str: 10    XL:     1   Next: 60%
Magic:  3/3        EV: 12    Int: 15    God:
Gold:   4          SH:  0    Dex: 11    Spells: 2/3 levels left

rFire   . . .      SeeInvis .   (no weapon)
rCold   . . .      Faith    .   (no shield)
rNeg    . . .      Spirit   .   a - +0 robe
rPois   .          Reflect  .   (no helmet)
rElec   .          Harm     .   (no cloak)
rCorr   .          Rampage  .   (no gloves)
Will    .....                   (no boots)
Stlth   ++........              (no amulet)
HPRegen 0.04/turn               (no ring)
MPRegen 0.08/turn               (no ring)

@: no status effects
A: no striking features
a: no special abilities


You were on level 1 of the Dungeon.
You visited 1 branch of the dungeon, and saw 1 of its levels.

You collected 4 gold pieces.

Inventory:

Armour
 a - a +0 robe (worn)
Potions
 b - a potion of magic
 c - a potion of might {unknown}


   Skills:
 + Level 0.4 Axes
 + Level 0.2 Armour
 - Level 1.5 Dodging
 + Level 1.6 Stealth
 + Level 1.6 Spellcasting
 + Level 4.0 Summonings


You had 2 spell levels left.
You knew the following spells:

 Your Spells              Type           Power      Damage    Failure   Level
a - Summon Small Mammal   Summ           52%        N/A       4%          1

Your spell library contained the following spells:

 Spells                   Type           Power      Damage    Failure   Level
 Call Imp                 Summ           13%        N/A       7%          2
 Call Canine Familiar     Summ           13%        N/A       13%         3
 Summon Guardian Golem    Hex/Summ       7%         N/A       30%         3
 Summon Lightning Spire   Summ/Air       7%         N/A       69%         4


Dungeon Overview and Level Annotations

Branches:
Dungeon (1/15)

Altars:


Message History

You kill the rat!
The bat hits you but does no damage.
Found a scroll labelled NOYCOR SEMUY.
The bat closely misses you.
You hit the bat.
The bat is moderately wounded.
The bat barely misses you.
A jackal comes into view.
The bat misses you.
You hit the bat.
You kill the bat!
A jackal comes into view.
There are monsters nearby!
There are monsters nearby!
There are monsters nearby!
A jackal comes into view.
The jackal barks! x2; You hear a shout! x2
A goblin comes into view. It is wielding a +0 dagger.
Found a dagger.
A hobgoblin and a jackal come into view.
The hobgoblin shouts!
The jackal barks!
The goblin shouts!
The jackal bites you but does no damage.
The jackal closely misses you.
You barely miss the jackal. The jackal closely misses you. x2
You hit the jackal.
The jackal is moderately wounded.
The jackal bites you but does no damage.
The jackal bites you. x2
The jackal bites you but does no damage.
You closely miss the jackal.
The jackal is moderately wounded.
The jackal barely misses you. The jackal bites you.
A kobold comes into view. It is wielding a +0 short sword.
The jackal attacks as you move away! The jackal barely misses you.
The jackal bites you but does no damage.
The jackal attacks as you move away! The jackal bites you.
* * * LOW HITPOINT WARNING * * *
The jackal misses you. The jackal bites you.
* * * LOW HITPOINT WARNING * * *
The jackal barely misses you. The jackal bites you.
You die...

####.#.#...####....
#..........##....#.
#..>...(#..#........
#.....†.##....# ##.
#.........##$.# .
#...........?#####..
#.............?.....
#..........h........
###.##....@h.gg.....
#. #.##..h........ .
... ##...h....K.
...# ##.......). ...
#.♣.♣.###. #♣P.♣♣#
..♣


.PP You could see 4 jackals, a hobgoblin and a goblin.

Vanquished Creatures
  A bat (D:1)
  An endoplasm (D:1)
  2 rats (D:1)
4 creatures vanquished.

Notes
Turn   | Place    | Note
-------+----------+-------------------------------------------
     0 | D:1      | wrenrar the Hill Orc Summoner began the quest for the Orb.
     0 | D:1      | Reached XP level 1. HP: 14/14 MP: 3/3
     6 | D:1      | Noticed a komodo dragon
     6 | D:1      | Noticed a servant of whispers
     7 | D:1      | Noticed a frost giant
   158 | D:1      | Slain by a jackal

Illustrated notes

Levels and vault maps discovered:
D:1:      onia_arrival_zoo_common, layout_rooms, serial_forest,
          infiniplex_forest_lined_4_way, infiniplex_forest_pool,
          infiniplex_forest_end_3, infiniplex_forest_straight_4,
          infiniplex_forest_corner_2, infiniplex_forest_end_1,
          infiniplex_forest_end_1, infiniplex_forest_straight_1,
          minmay_misc_feat_alley

Action                   || total
-------------------------++-------
Melee: Unarmed           ||    18
Armor: Robe              ||    12
Dodge: Dodged            ||    17
